 Dungeon Crawl Stone Soup version 0.31-a0-466-g98c9adc2b6 (webtiles) character file.

Game seed: 14829650061597030625

812 Gargoyl the Chopper (level 7, -3/66 HPs)
             Began as a Gargoyle Berserker on Aug 5, 2023.
             Was a Believer of Trog.
             Slain by a gargoyle
             ... wielding a +0 mace
              (9 damage)
             ... on level 5 of the Dungeon.
             The game lasted 00:03:57 (2869 turns).

Gargoyl the Chopper (Gargoyle Berserker)            Turns: 2869, Time: 00:03:58

Health: -3/66      AC: 10    Str: 20    XL:     7   Next: 93%
Magic:  16/16      EV: 11    Int:  8    God:    Trog [**....]
Gold:   197        SH:  4    Dex: 11    Spells: 6/6 levels left

rFire   . . .        q - +2 war axe (freeze)
rCold   . . .        b - +0 buckler
rNeg    + . .        i - +0 ring mail
rPois   ∞            (no helmet)
rElec   +            (no cloak)
rCorr   .            (no gloves)
SInv    .            (no boots)
Will    ++...        g - amulet of regeneration Stlth
                     n - ring of magical power
HPRegen 2.11/turn    (no ring)
MPRegen 0.15/turn

%: no passive effects
@: berserking, strong-willed, regenerating, very quick
A: sickness immunity, AC +4, negative energy resistance 1, electricity
resistance, torment resistance 1, petrification resistance
a: Renounce Religion, Berserk, Trog's Hand


You were on level 5 of the Dungeon.
You worshipped Trog.
Trog was pleased with you.
You visited 1 branch of the dungeon, and saw 5 of its levels.

You collected 197 gold pieces.

Inventory:

Hand Weapons
 j - a +0 war axe
 q - a +2 war axe of freezing (weapon)
Missiles
 r - 3 poisoned darts (quivered)
Armour
 b - a +0 buckler (worn)
 i - a +0 ring mail (worn)
Jewellery
 g - an amulet of regeneration (around neck)
 n - a ring of magical power (left hand)
Scrolls
 f - a scroll of enchant weapon {unknown}
 h - a scroll of revelation
 k - a scroll of summoning {unknown}
 l - 3 scrolls of fear {unknown}
 o - 4 scrolls of identify
 p - 2 scrolls of teleportation
Potions
 a - 2 potions of might {unknown}
 c - a potion of degeneration {unknown}
 d - 2 potions of heal wounds {unknown}
 e - a potion of haste {unknown}
 m - a potion of attraction {unknown}


   Skills:
 + Level 5.5 Fighting
 + Level 5.8 Axes
 + Level 3.9 Armour
 + Level 3.1 Dodging
 + Level 1.6 Stealth
 + Level 0.6 Shields


You had 6 spell levels left.
You didn't know any spells.
Your spell library was empty.

Dungeon Overview and Level Annotations

Branches:
Dungeon (5/15)             Temple (0/1) D:4

Altars:
Nemelex Xobeh

Shops:
D:3 :


Innate Abilities, Weirdness & Mutations

You are immune to sickness and miasma.
Your stone body is resilient. (AC +4)
You are immune to poison.
You resist negative energy. (rN+)
You are resistant to electric shocks. (rElec)
You are resistant to unholy torment.
You are immune to petrification.


Message History

You open the door.
A gargoyle and an orc come into view.
The orc shouts!
Found a sedimented yellow potion.
There are monsters nearby!
There are monsters nearby!
The gargoyle hurls a stone arrow at you.
The stone arrow hits you!!
Ouch! That really hurt!
There is an open door here.
You slash the orc! You freeze the orc.
You kill the orc!
Trog accepts your kill.
The gargoyle hurls a stone arrow at you.
The stone arrow misses you.
Unknown command.
Your skin crawls.
You feel strong-willed.
A red film seems to cover your vision as you go berserk!
You feel yourself moving faster!
You feel mighty!
The gargoyle hurls a stone arrow at you.
The stone arrow hits you!
You barely miss the gargoyle. You slash the gargoyle! You freeze the gargoyle.
The gargoyle is moderately damaged.
The gargoyle hurls a stone arrow at you.
The stone arrow hits you!
* * * LOW HITPOINT WARNING * * *
You hit the gargoyle. You freeze the gargoyle.
The gargoyle is heavily damaged.
You block the gargoyle's attack.
You hit the gargoyle. You freeze the gargoyle.
The gargoyle is severely damaged.
The gargoyle hurls a stone arrow at you.
The stone arrow hits you!
* * * LOW HITPOINT WARNING * * *
You closely miss the gargoyle.
The gargoyle is severely damaged.
The gargoyle hits you with a +0 mace!
You die...

###### #....#
#....+ ..
#!...#s.. #
#9...#sS ..#
##@###########
#.....#......#
#.....#......#
#.....#......#
#.....#......#
#...†.'......###
#######...†....#
.# ..########.#
.#
##.##.##.#.##.#


You could see a gargoyle.

Vanquished Creatures
  Sigmund (D:2)
  A black bear (D:5)
  Blork the orc (D:4)
  3 scorpions
  A jelly (D:4)
  A hound (D:5)
  2 orc priests (D:4)
  2 iguanas
  8 adders
  2 worms
  6 orcs
  4 ball pythons
  6 endoplasms
  3 giant cockroaches
  10 goblins
  4 hobgoblins
  9 kobolds
  7 quokkas
  2 bats
  2 frilled lizards (D:2)
  4 rats
79 creatures vanquished.

Notes
Turn   | Place    | Note
-------+----------+-------------------------------------------
     0 | D:1      | Gargoyl the Gargoyle Berserker began the quest for the Orb.
     0 | D:1      | Reached XP level 1. HP: 14/14 MP: 1/1
   121 | D:1      | Found a faded altar of an unknown god.
   186 | D:1      | Reached XP level 2. HP: 19/19 MP: 2/2
   545 | D:2      | Found a sparkling altar of Nemelex Xobeh.
   595 | D:2      | Noticed Sigmund
   604 | D:2      | Killed Sigmund
   605 | D:2      | Reached XP level 3. HP: 24/24 MP: 3/3
   605 | D:2      | Reached XP level 4. HP: 30/30 MP: 4/4
   605 | D:2      | Reached XP level 5. HP: 34/34 MP: 5/5
   715 | D:2      | Reached skill level 1 in Stealth
  1209 | D:3      | Reached ** piety under Trog
  1335 | D:3      | Found Meupros's Book Emporium.
  1348 | D:3      | Reached XP level 6. HP: 39/39 MP: 6/6
  1411 | D:3      | Identified the +10 dagger "Uzykhlupp" {pain, Int-3 Dex+6
                  | SInv}
  1870 | D:4      | Noticed Blork the orc
  1877 | D:4      | Killed Blork the orc
  1878 | D:4      | Reached skill level 5 in Fighting
  1986 | D:4      | Found a staircase to the Ecumenical Temple.
  2004 | D:4      | Reached skill level 5 in Axes
  2149 | D:4      | Reached XP level 7. HP: 44/44 MP: 7/7
  2653 | D:5      | Entered Level 5 of the Dungeon
  2860 | D:5      | Noticed a gargoyle
  2869 | D:5      | Slain by a gargoyle

Illustrated notes

Levels and vault maps discovered:
D:1:      eino_arrival_cavern_b, layout_rooms,
          shapermc_ecumenical_altar_mp_urbaneastern
D:2:      layout_rooms, basic_altar, uniq_sigmund
D:3:      layout_basic, serial_shops, shop
D:4:      layout_loops_corners, minmay_temple_entry_arrows, uniq_blork_the_orc
D:5:      minmay_clustersquares, layout_loops_ring, grunt_dithmenos_shadows,
          st_stairs_5

Skill      XL: |  1  2  3  4  5  6  7 |
---------------+----------------------+-----
Axes           | 4 5 |  5.8
Fighting       | 4 5 |  5.5
Dodging        | 2 3 |  3.1
Stealth        | 1 |  1.6
Armour         | 3 |  3.9
Shields        | |  0.6

Action                     |  1- 3 |  4- 6 |  7- 9 || total
---------------------------+-------+-------+-------++-------
  Melee: Hand axe          |    52 |   118 |       ||   170
         War axe           |       |    44 |    52 ||    96
         Punch             |       |     1 |       ||     1
 Invoke: Berserk           |     2 |       |     2 ||     4
         Trog's Hand       |       |       |     2 ||     2
    Use: Scroll            |     2 |     3 |       ||     5
   Stab: Sleeping          |       |     1 |       ||     1
 Armour: Animal skin       |    14 |    36 |       ||    50
         Ring mail         |       |    37 |    27 ||    64
  Dodge: Dodged            |    36 |   107 |    30 ||   173
  Block: Buckler           |       |     4 |     4 ||     8

Table legend: (Time is in decaauts)
 A = Elapsed time spent in this place.
 B = Non-inter-level travel time spent in this place.
 C = Inter-level travel time spent in this place.
 D = Time resting spent in this place.
 E = Time spent auto-exploring this place.
 F = Levels seen in this place.
 G = Mean time per level.
                   A        B        C        D        E       F      G
               +--------+--------+--------+--------+--------+-----+--------+
         Total |   2943 |   2833 |    110 |      0 |   1963 |   5 |  588.6 |
       Dungeon |   2943 |   2833 |    110 |      0 |   1963 |   5 |  588.6 |
               +--------+--------+--------+--------+--------+-----+--------+

Top non-repeatable levels by time:
     D:4: 911 daAuts
     D:2: 646 daAuts
     D:3: 614 daAuts
     D:1: 547 daAuts
     D:5: 223 daAuts
